AoeStats
← Synthax

Black Forest

510177414Analyzed
3v3 RM · 16h ago on Sep 29, 2026· 43m 21s· 6 players
Game mode
Random Map
Map size
Normal (6 player)
Population
200
Speed
Normal
Resources
Standard
Victory
Conquest
Starting age
Dark Age
Ending age
Imperial Age
RankedLock teamsTeams togetherTeam positionsShared explorationLock speedFull tech treeHidden civsTurbo modeCheats
Victory
Defeat
🇩🇪 Hindustanis · Germany
1038
+11
🇹🇷 Ethiopians · Türkiye
1030
+11
🇹🇷 Britons · Türkiye
717
+24
🇪🇸 Byzantines · Spain
940
-16
🇦🇷 Danes · Argentina
909
-15
🇦🇷 Chinese · Argentina
906
-15
[Vsh]-Tutta
0:29 Loom
12:49 Feudal Age
13:15 Double-Bit Axe
18:52 Castle Age
17:02 Horse Collar
17:13 Gold Mining
17:41 Stone Mining
28:36 Forging
33:04 Imperial Age
30:38 Padded Archer Armor
31:27 Husbandry
31:39 Bloodlines
31:35 Scale Barding Armor
31:47 Leather Archer Armor
32:26 Wheelbarrow
31:45 Fletching
32:41 Sanctity
33:24 Hand Cart
32:58 Town Watch
33:51 Iron Casting
34:11 Ballistics
33:47 Murder Holes
34:04 Masonry
35:05 Cavalier
35:51 Caravan
37:19 Ring Archer Armor
36:45 Bodkin Arrow
37:50 Blast Furnace
37:36 Conscription
38:19 Town Patrol
37:49 Heavy Rocket Cart
39:46 Chemistry
42:40 Chain Barding Armor
43:40 Rocketry
WoMoNeR
11:51 Feudal Age
12:02 Loom
17:02 Gold Mining
20:13 Castle Age
21:38 Double-Bit Axe
25:01 Bow Saw
26:13 Wheelbarrow
25:48 Stone Mining
29:02 Gold Shaft Mining
29:08 Stone Shaft Mining
30:38 Hand Cart
34:30 Imperial Age
33:06 Ballistics
32:38 Guard Tower
32:36 Treadmill Crane
33:00 Murder Holes
37:24 Chemistry
37:56 Elite Skirmisher
38:45 Thumb Ring
39:31 Bombard Tower
[Vsh]-Choco
0:31 Loom
11:54 Feudal Age
18:13 Castle Age
18:14 Double-Bit Axe
18:13 Horse Collar
18:53 Stone Mining
23:28 Wheelbarrow
25:38 Fletching
27:21 Gold Mining
29:10 Murder Holes
35:06 Imperial Age
33:06 Scale Mail Armor
35:42 Hand Cart
38:32 Chemistry
39:31 Elite Varangian Guard
Kanveren
1:20 Loom
13:02 Feudal Age
17:17 Castle Age
15:20 Double-Bit Axe
16:42 Horse Collar
18:29 Bow Saw
23:15 Wheelbarrow
26:21 Hand Cart
26:36 Town Watch
31:05 Imperial Age
30:10 Caravan
30:12 Gold Mining
30:29 Heavy Plow
30:46 Thumb Ring
30:33 Fletching
30:44 Padded Archer Armor
30:56 Forging
30:53 Scale Barding Armor
31:11 Bodkin Arrow
31:19 Scale Mail Armor
31:25 Crossbowman
33:27 Leather Archer Armor
33:43 Arbalester
35:16 Husbandry
34:39 Light Cavalry
36:34 Ballistics
37:38 Bracer
38:09 Ring Archer Armor
38:14 Iron Casting
38:00 Chain Barding Armor
39:06 Two-Man Saw
38:22 Chain Mail Armor
37:37 Heavy Camel Rider
40:06 Chemistry
42:08 Blast Furnace
43:29 Plate Mail Armor
42:21 Hussar
KanuniZkan
1:00 Loom
12:12 Feudal Age
13:15 Double-Bit Axe
16:45 Castle Age
15:20 Horse Collar
17:56 Bow Saw
19:45 Wheelbarrow
22:18 Town Watch
23:03 Heavy Plow
25:30 Hand Cart
26:51 Scale Barding Armor
26:47 Scale Mail Armor
26:58 Forging
27:09 Gold Mining
27:10 Stone Mining
29:21 Husbandry
29:32 Bloodlines
32:23 Imperial Age
29:56 Town Patrol
30:08 Murder Holes
30:40 Ballistics
32:15 Grand Trunk Road
33:28 Chain Barding Armor
32:57 Heavy Camel Rider
34:22 Chain Mail Armor
35:10 Two-Man Saw
35:23 Chemistry
35:58 Plate Barding Armor
35:59 Iron Casting
35:32 Imperial Camel Rider
36:32 Masonry
Synthax
0:31 Loom
12:59 Feudal Age
21:35 Castle Age
20:27 Horse Collar
20:46 Double-Bit Axe
22:03 Gold Mining
28:28 Fortified Wall
28:36 Masonry
30:16 Padded Archer Armor
30:07 Fletching
38:29 Imperial Age
37:36 Ballistics
37:01 Treadmill Crane
41:42 Chemistry
40:43 Bodkin Arrow
44:08 Yeomen
Connection lost

Rejoining the realm…

Still unreachable

The connection could not be restored.

Session expired

The server has moved on; the page needs a fresh start.